 Dungeon Crawl Stone Soup version 0.27.1-34-g3ba077fa99 (webtiles) character file.

Game seed: 4246708504044454155

7945 mcbry74 the Impaler (level 11, 0/83 HPs)
             Began as a Merfolk Gladiator on Jan 27, 2022.
             Was an Initiate of Uskayaw.
             Slain by a skeletal warrior (19 damage)
             ... on level 10 of the Dungeon.
             The game lasted 00:36:57 (10111 turns).

mcbry74 the Impaler (Merfolk Gladiator)            Turns: 10111, Time: 00:36:58

Health: 0/83       AC: 14    Str: 17    XL:     11   Next: 23%
Magic:  0/17       EV: 15    Int:  7    God:    Uskayaw [......]
Gold:   60         SH:  0    Dex: 16    Spells: 10/10 levels left

rFire    . . .     SeeInvis .   a - +0 trident
rCold    . . .     Faith    .   (no shield)
rNeg     + + .     Spirit   +   B - +0 steam dragon scales
rPois    +         Reflect  .   c - +0 helmet
rElec    .         Harm     .   k - +0 cloak
rCorr    .         Rampage  .   o - +2 pair of gloves
Will     .....                  (no boots)
Stlth    +.........             t - amulet of guardian spirit
HPRegen  0.23/turn              x - ring "Vyesahaf" {rPois rN++ AC+4 Str+2 Int-3}
MPRegen  0.15/turn              (no ring)

@: no status effects
A: (nimble swimmer 2), mertail
a: Renounce Religion


You were on level 10 of the Dungeon.
You worshipped Uskayaw.
Uskayaw was aware of your devotion.
You visited 1 branch of the dungeon, and saw 10 of its levels.
You also visited: Sewer.

You collected 610 gold pieces.
You spent 550 gold pieces at shops.

Inventory:

Hand Weapons
 a - a +0 trident (weapon)
 f - a +0 halberd
 u - a +0 war axe of distortion
 H - a +0 glaive
Missiles
 d - 3 throwing nets
 h - 124 arrows
 l - 81 sling bullets
 q - 296 stones
 y - 6 silver javelins
 A - 7 javelins
Armour
 b - a +0 leather armour
 c - a +0 helmet (worn)
 k - a +0 cloak (worn)
 o - a +2 pair of gloves (worn)
 B - +0 steam dragon scales (worn)
 O - the +2 pair of boots "Tamu" {-Tele rElec rPois Str+3}
   (You found it on level 9 of the Dungeon)

   Str:       It affects your strength (+3).
   rElec:     It insulates you from electricity.
   rPois:     It protects you from poison.
   -Tele:     It prevents most forms of teleportation.
Jewellery
 t - an amulet of guardian spirit (around neck)
 x - the ring "Vyesahaf" (left hand) {rPois rN++ AC+4 Str+2 Int-3}
   (You found it on level 5 of the Dungeon)

   [ring of protection]

   AC:        It affects your AC (+4).
   Str:       It affects your strength (+2).
   Int:       It affects your intelligence (-3).
   rPois:     It protects you from poison.
   rN:        It greatly protects you from negative energy.
 C - a ring of resist corrosion
 R - a ring of magical power
 S - a ring of magical power
Wands
 K - a wand of flame (19) (quivered)
 M - a wand of iceblast (7)
Scrolls
 g - 4 scrolls of amnesia
 n - 3 scrolls of enchant armour
 r - 3 scrolls of fear
 v - 2 scrolls of summoning
 E - a scroll of teleportation
 F - 3 scrolls of noise
 I - a scroll of immolation
 L - a scroll of torment {unknown}
 N - 2 scrolls of enchant weapon {unknown}
 P - a scroll of blinking {unknown}
 Q - a scroll of brand weapon {unknown}
Potions
 e - a potion of ambrosia
 i - 2 potions of haste
 j - 2 potions of curing {unknown}
 m - 2 potions of cancellation {unknown}
 p - a potion of berserk rage {unknown}
 s - a potion of lignification {unknown}
 w - 2 potions of mutation {unknown}
 z - 2 potions of might
 D - a potion of brilliance {unknown}
 G - 2 potions of magic {unknown}
 J - 2 potions of heal wounds {unknown}


   Skills:
 - Level 6.7 Fighting
 - Level 16.0 Polearms
 - Level 6.1 Throwing
 + Level 6.7 Dodging
 - Level 8.1 Invocations
 - Level 5.6 Evocations


You had 10 spell levels left.
You didn't know any spells.
Your spell library contained the following spells:

 Spells                   Type           Power      Damage    Failure   Level
 Sting                    Tmut/Pois      0%         1d3       43%         1
 Poisonous Vapours        Pois/Air       0%         N/A       56%         2
 Static Discharge         Conj/Air       0%         N/A       56%         2
 Gell's Gravitas          Tloc           0%         N/A       80%         3
 Lesser Beckoning         Tloc           0%         N/A       80%         3
 Teleport Other           Tloc           0%         N/A       80%         3
 Dispel Undead            Necr           0%         3d6       99%         4
 Olgreb's Toxic Radiance  Pois           0%         N/A       99%         4
 Sticky Flame             Conj/Fire      0%         2d3       99%         4
 Alistair's Intoxication  Tmut/Pois      0%         N/A       100%        5
 Borgnjor's Vile Clutch   Necr/Erth      0%         N/A       100%        5
 Dispersal                Tloc           0%         N/A       100%        6
 Eringya's Noxious Bog    Tmut/Pois      0%         N/A       100%        6


Dungeon Overview and Level Annotations

Branches:
Dungeon (10/15)            Temple (0/1) D:6            Lair (0/6) D:10
  Sewer (visited)
    Orc: D:9-12

Altars:
Ashenzari
Dithmenos
Hepliaklqana
Nemelex Xobeh
Qazlal
Sif Muna
Trog
Uskayaw
Wu Jian
Xom
Yredelemnul

Shops:
D:4 [   D:5 *   D:6 !

Annotations:
D:3 1 runed translucent door, Crazy Yiuf
D:6 2 transporters


Innate Abilities, Weirdness & Mutations

((You are quick and stealthy near water. (Stealth+, EV+, Speed+++)))
Your lower body shifts to a powerful aquatic tail in water.


Message History

You hit the skeletal warrior but do no damage.
The skeletal warrior is moderately damaged.
You hit the skeletal warrior but do no damage.
The skeletal warrior is moderately damaged.
You hit the skeletal warrior but do no damage.
The skeletal warrior is moderately damaged.
The skeletal warrior misses you.
The skeletal warrior hits you from afar with a +0 halberd.
You hit the skeletal warrior but do no damage.
The skeletal warrior is moderately damaged.
The skeletal warrior barely misses you.
You puncture the skeletal warrior!
The skeletal warrior is moderately damaged.
The skeletal warrior hits you from afar with a +0 halberd.
You hit the skeletal warrior but do no damage.
The skeletal warrior is moderately damaged.
The skeletal warrior closely misses you.
The skeletal warrior misses you.
You puncture the skeletal warrior!
The skeletal warrior is heavily damaged.
You hit the skeletal warrior but do no damage.
The skeletal warrior is heavily damaged.
The skeletal warrior barely misses you.
The skeletal warrior hits you from afar with a +0 halberd!!
You barely miss the skeletal warrior.
The skeletal warrior is heavily damaged.
The skeletal warrior hits you with a +0 war axe!
* * * LOW HITPOINT WARNING * * *
You hit the skeletal warrior but do no damage.
The skeletal warrior is heavily damaged.
You hit the skeletal warrior but do no damage.
The skeletal warrior is heavily damaged.
The skeletal warrior hits you with a +0 war axe!
* * * LOW HITPOINT WARNING * * *
Found a scroll of vulnerability.
You stomp with the beat, sending a shockwave through the revellers around you!
The skeletal warrior is severely damaged.
You can no longer stomp with the beat.
The skeletal warrior hits you with a +0 war axe!!
You die...

#......# #...## ######.#
###..# ## #.## ##.## ##Z##
#..# #..# #o#ยง## ##.#
###.# ####.# #z## #......
._#y## #..## ###.?# ##.#
..####..##..####...#####...
..###.......z..z@.......
.>.
#...#######...z.......#.
....
###'#...#..........#....
#..
##..#...#...............
...........<......^#.# #
#....................#
#..................###
#.......############
#.......#


You could see 3 skeletal warriors.

Vanquished Creatures
  Maggie (D:6)
  Grinder (D:6)
  A wraith (D:9)
  A wyvern (D:9)
  6 yaks (D:8)
  A steam dragon (D:9)
  A black bear (D:4)
  Duvessa (D:6)
  Purgy (Sewer)
  An orc warrior (D:6)
  An ice beast (D:8)
  An ogre (D:4)
  3 necrophages (D:6)
  3 phantoms
  Blork the orc (D:4)
  2 bullfrogs
  2 scorpions
  Dowan (D:6)
  5 killer bees (D:8)
  2 howler monkeys
  A bullfrog zombie (D:6)
  3 hounds
  A jelly (D:4)
  2 orc priests (D:6)
  3 iguanas
  An orc wizard (D:8)
  2 hound skeletons (D:4)
  4 howler monkey zombies
  4 gnolls (D:5)
  6 adders
  A shadow imp (D:7)
  3 white imps
  4 worms
  A dart slug (D:1)
  6 orcs
  6 ball pythons
  8 endoplasms
  2 giant cockroaches
  5 goblins
  8 hobgoblins
  7 jackals
  4 quokkas
  6 bats
  5 frilled lizards
  5 kobolds
  8 rats
142 creatures vanquished.

Notes
Turn   | Place    | Note
-------+----------+-------------------------------------------
     0 | D:1      | mcbry74 the Merfolk Gladiator began the quest for the Orb.
     0 | D:1      | Reached XP level 1. HP: 16/16 MP: 1/1
    68 | D:1      | Reached skill level 5 in Polearms
   178 | D:1      | Reached XP level 2. HP: 22/22 MP: 2/2
   941 | D:2      | Reached skill level 6 in Polearms
   941 | D:2      | Reached XP level 3. HP: 27/27 MP: 3/3
  1665 | D:2      | Reached XP level 4. HP: 33/33 MP: 4/4
  1851 | D:3      | Reached skill level 7 in Polearms
  2113 | D:3      | Found a runed translucent door.
  2114 | D:3      | Noticed Crazy Yiuf
  2190 | D:3      | Found a hide-covered altar of Uskayaw.
  2324 | D:3      | Found a bloodstained altar of Trog.
  2362 | D:3      | Found a faded altar of an unknown god.
  2609 | D:3      | Became a worshipper of Uskayaw the Reveller
  2722 | D:4      | Reached * piety under Uskayaw
  2783 | D:4      | Reached skill level 1 in Invocations
  2783 | D:4      | Reached XP level 5. HP: 6/38 MP: 1/5
  3056 | D:4      | Noticed a black bear
  3075 | D:4      | Reached ** piety under Uskayaw
  3082 | D:4      | Killed a black bear
  3083 | D:4      | Reached skill level 8 in Polearms
  3368 | D:4      | Reached XP level 6. HP: 40/44 MP: 3/7
  3377 | D:4      | HP: 1/44 [ogre (25)]
  3379 | D:4      | Reached skill level 9 in Polearms
  3750 | D:4      | Found a shadowy altar of Dithmenos.
  3884 | D:4      | Found Ricejin's Antique Armour Emporium.
  4540 | D:5      | Entered Level 5 of the Dungeon
  4556 | D:5      | Reached XP level 7. HP: 26/50 MP: 6/9
  4571 | D:5      | Found Nyshraesec's Assorted Antiques.
  4571 | D:5      | Identified the ring "Vyesahaf" {rPois rN++ AC+4 Str+2
                  | Int-3}
  4812 | D:5      | Noticed Blork the orc
  4830 | D:5      | Reached skill level 10 in Polearms
  4837 | D:4      | Killed Blork the orc
  5542 | D:5      | Reached skill level 11 in Polearms
  5549 | D:5      | Reached *** piety under Uskayaw
  5807 | D:6      | Reached XP level 8. HP: 56/56 MP: 11/11
  5842 | D:6      | Reached skill level 5 in Invocations
  5882 | D:6      | Found a staircase to the Ecumenical Temple.
  5887 | D:6      | Noticed Maggie
  5910 | D:6      | Killed Maggie
  5911 | D:6      | Reached skill level 12 in Polearms
  6035 | D:6      | Reached **** piety under Uskayaw
  6042 | D:6      | Reached ***** piety under Uskayaw
  6140 | D:6      | Noticed Dowan
  6148 | D:6      | Noticed Duvessa
  6157 | D:6      | Killed Duvessa
  6158 | D:6      | Reached skill level 13 in Polearms
  6158 | D:6      | Killed Dowan
  6225 | D:6      | Found Ysarcholu's Distillery.
  6233 | D:6      | Found a glowing drain.
  6244 | Sewer    | Entered a sewer
  6415 | Sewer    | Noticed Purgy
  6431 | Sewer    | Killed Purgy
  6432 | Sewer    | Reached XP level 9. HP: 61/61 MP: 13/13
  6689 | D:6      | Found a transporter.
  6691 | D:6      | Noticed a kobold demonologist
  6693 | D:6      | Noticed Grinder
  6693 | D:6      | Noticed a kobold demonologist
  6703 | D:6      | Paralysed by Grinder for 7 turns
  6717 | D:6      | Paralysed by Grinder for 7 turns
  6730 | D:6      | Paralysed by Grinder for 6 turns
  6738 | D:6      | Found a transporter.
  6742 | D:6      | Killed Grinder
  6841 | D:6      | Reached skill level 14 in Polearms
  7067 | D:6      | Found a shimmering blue altar of Sif Muna.
  7428 | D:7      | Found an ornate altar of the Wu Jian Council.
  7517 | D:7      | Found a broken altar of Ashenzari.
  8559 | D:8      | Reached skill level 5 in Dodging
  8570 | D:8      | Reached skill level 15 in Polearms
  8576 | D:8      | Reached XP level 10. HP: 50/67 MP: 11/15
  8805 | D:8      | Found a stormy altar of Qazlal.
  9101 | D:9      | Identified the +2 pair of boots "Tamu" {-Tele rElec rPois
                  | Str+3}
  9342 | D:9      | Reached skill level 16 in Polearms
  9517 | D:6      | Bought a potion of experience for 550 gold pieces
  9517 | D:6      | Reached skill level 5 in Evocations
  9517 | D:6      | Reached XP level 11. HP: 83/83 MP: 17/17
  9731 | D:9      | Found a sparkling altar of Nemelex Xobeh.
  9967 | D:10     | Entered Level 10 of the Dungeon
  9982 | D:10     | Found a hazy altar of Hepliaklqana.
  9983 | D:10     | Found a shimmering altar of Xom.
 10038 | D:10     | Found a basalt altar of Yredelemnul.
 10057 | D:10     | Found a staircase to the Lair.
 10059 | D:10     | Noticed a skeletal warrior
 10065 | D:10     | Noticed a skeletal warrior
 10067 | D:10     | Noticed a skeletal warrior
 10111 | D:10     | Slain by a skeletal warrior

Illustrated notes

Levels and vault maps discovered:
D:1:      minmay_arrival_three_doors, layout_loops_ring, nrook_uturn,
          minmay_liquid_box, amcnicky_mini_corridor_feature
D:2:      layout_basic, minmay_cupped
D:3:      layout_basic, trog_three_pillars_becter, mainiacjoe_overflow_24_doors,
          shapermc_ecumenical_altar_venn, uniq_crazy_yiuf_cottage
D:4:      minmay_spotlight, layout_cave_pods,
          mainiacjoe_overflow_small_starburst, serial_shops,
          nicolae_lakefront_shop
D:5:      layout_gridville, serial_shops, shop, kennysheep_generic_room_2,
          uniq_blork_the_orc
D:6:      gammafunk_wand_slinger, layout_cave_pools,
          mainiacjoe_overflow_alcove_1, minmay_temple_entry_tees, serial_glass,
          glass_columns_b, glass_columns_b, cheibrodos_sewer_entry_sluice,
          serial_shops, shop, minmay_diced_spiral, uniq_grinder, uniq_duvessa,
          uniq_maggie
D:7:      layout_basic, nicolae_wu_jian_immortal_techniques,
          ashenzari_conservatory_becter, hangedman_decor_points
D:8:      layout_cave_pools, lemuel_crystal_altar, serial_co_window_serial,
          co_window_paths_a, co_window_paths_a, co_window_of_opportunity_a,
          co_window_paths_a, co_window_paths_a, co_window_broadway_a,
          co_window_broadway_c, co_window_of_opportunity_c, co_window_sun,
          glass_columns_c, glass_columns_a, glass_columns_b, glass_columns_a,
          minmay_fountain_box
D:9:      layout_rooms, mainiacjoe_overflow_paths
D:10:     layout_rooms, regret_index_temple_of_mockery,
          mainiacjoe_overflow_concentric_impassable, lair_entry_dummy,
          minmay_ruined_shrine

Skill      XL: |  1  2  3  4  5  6  7  8  9 10 |
---------------+-------------------------------+-----
Polearms       | 5 6 7 8 9 11 13 15 16 | 16.0
Invocations    | 1 2 3 4 6 7 8 |  8.1
Dodging        | 5 6 |  6.7
Fighting       | 6 |  6.7
Throwing       | 6 |  6.1
Evocations     | 5 |  5.6

Action                   |  1- 3 |  4- 6 |  7- 9 | 10-12 || total
-------------------------+-------+-------+-------+-------++-------
Melee: Trident           |   127 |   126 |   328 |   105 ||   686
       Tailslap          |       |       |     4 |       ||     4
       Glaive            |       |       |    14 |       ||    14
Throw: Stone             |       |    15 |     2 |       ||    17
Invok: Stomp             |       |     5 |     3 |     1 ||     9
       Line Pass         |       |       |     1 |     3 ||     4
       Grand Finale      |       |       |       |     1 ||     1
Evoke: Wand              |       |       |       |     2 ||     2
  Use: Scroll            |     4 |     3 |     5 |       ||    12
       Potion            |       |       |     2 |     1 ||     3
 Stab: Sleeping          |     2 |     3 |       |       ||     5
       Paralysed         |       |       |    16 |       ||    16
       Confused          |       |       |       |     1 ||     1
Armor: Leather armour    |    21 |    31 |    28 |       ||    80
       Steam dragon scal |       |       |    46 |    14 ||    60
Dodge: Dodged            |    41 |    48 |   118 |    44 ||   251
